 Dungeon Crawl Stone Soup version 0.32-a0-17-gb74e046682 (webtiles) character file.

Game seed: 8333074940759135822

16 AlmostDecent the Trooper (level 2, -1/19 HPs)
             Began as a Gargoyle Fighter on Jan 15, 2024.
             Slain by Natasha (6 damage)
             ... on level 2 of the Dungeon.
             The game lasted 00:01:34 (525 turns).

AlmostDecent the Trooper (Gargoyle Fighter)          Turns: 525, Time: 00:01:34

Health: -1/19      AC:  9    Str: 19    XL:     2   Next: 54%
Magic:  2/2        EV:  9    Int:  8    God:
Gold:   41         SH:  4    Dex:  9    Spells: 1/1 levels left

rFire   + . .        a - +0 war axe
rCold   . . .        c - +0 buckler
rNeg    + . .        b - +0 scale mail
rPois   ∞            (no helmet)
rElec   +            (no cloak)
rCorr   .            (no gloves)
SInv    .            (no boots)
Will    .....        (no amulet) Stlth
                     h - ring of protection from fire
HPRegen 0.23/turn    (no ring)
MPRegen 0.08/turn

%: no passive effects
@: mighty
A: sickness immunity, AC +2, negative energy resistance 1, electricity
resistance, torment resistance 1, petrification resistance
a: no special abilities


You were on level 2 of the Dungeon.
You visited 1 branch of the dungeon, and saw 2 of its levels.

You collected 41 gold pieces.

Inventory:

Hand Weapons
 a - a +0 war axe (weapon)
Armour
 b - a +0 scale mail (worn)
 c - a +0 buckler (worn)
Jewellery
 h - a ring of protection from fire (left hand)
Scrolls
 g - a scroll of enchant weapon {unknown}
 i - a scroll of amnesia {unknown}
Potions
 e - a potion of attraction {unknown}
 f - a potion of enlightenment {unknown}
 j - a potion of heal wounds {unknown}


   Skills:
 + Level 3.5 Fighting
 * Level 2.2 Axes
 + Level 3.3 Armour
 + Level 3.4 Shields


You had one spell level left.
You didn't know any spells.
Your spell library contained the following spells:

 Spells                   Type           Power      Damage    Failure   Level
 Fugue of the Fallen      Necr           0%         N/A       99%         3
 Ozocubu's Armour         Ice            0%         N/A       99%         3
 Manifold Assault         Tloc           0%         N/A       100%        4


Dungeon Overview and Level Annotations

Branches:
Dungeon (2/15)

Altars:

Annotations:
D:2 Natasha


Innate Abilities, Weirdness & Mutations

You are immune to sickness and miasma.
Your stone body is resilient. (AC +2)
You are immune to poison.
You resist negative energy. (rN+)
You are resistant to electric shocks. (rElec)
You are resistant to unholy torment.
You are immune to petrification.


Message History

The bat hits you but does no damage.
Found 6 gold pieces.
The bat hits you but does no damage.
Natasha mumbles some strange words.
You completely miss the bat. The bat closely misses you.
Natasha casts a spell.
You completely miss the bat. The bat hits you.
The bat hits you but does no damage.
You barely miss the bat. The bat hits you. The bat closely misses you.
You block the cerulean imp's attack.
You hit Natasha.
Natasha is heavily wounded.
You barely miss the bat. The bat hits you but does no damage.
Natasha claws you but does no damage. The bat hits you but does no damage.
You block the cerulean imp's attack.
The cerulean imp hits you from afar with a +0 spear.
Natasha claws you but does no damage.
The cerulean imp hits you from afar with a +0 spear.
You barely miss Natasha.
Natasha is heavily wounded.
You slash the bat!
You kill the bat!
The cerulean imp hits you from afar with a +0 spear.
Natasha misses you. The cerulean imp barely misses you.
The cerulean imp hits you from afar with a +0 spear.
You feel very mighty all of a sudden. Natasha claws you but does no damage.
The cerulean imp closely misses you. x2
You barely miss Natasha.
Natasha is heavily wounded.
Natasha claws you but does no damage.
The cerulean imp hits you from afar with a +0 spear.
* * * LOW HITPOINT WARNING * * *
The cerulean imp barely misses you. Natasha closely misses you.
You closely miss Natasha.
Natasha is heavily wounded.
The cerulean imp closely misses you.
The cerulean imp hits you but does no damage.
Natasha mewls in sadness.
Natasha claws you.
You die...
Natasha begins licking her fur clean.

##'#####............# #........
..........†.........# #........
....................# ##.......
....................# #.......
.................##.# #.......
.................##.###.####'####
........######...................
........########†.#.###..........
........+.......@...# #..........
.... .......h#### #..........
...>...55 ............ ..........
............ ...........
...#.......#
...............#######.#
............. #+# ###....$......
. .


You could see Natasha and 2 cerulean imps.

Vanquished Creatures
  A giant cockroach (D:2)
  A goblin (D:1)
  5 hobgoblins
  2 ball pythons
  2 bats
  3 kobolds
  A rat (D:1)
15 creatures vanquished.

Notes
Turn   | Place    | Note
-------+----------+-------------------------------------------
     0 | D:1      | AlmostDecent the Gargoyle Fighter began the quest for the
                  | Orb.
     0 | D:1      | Reached XP level 1. HP: 14/14 MP: 1/1
   219 | D:1      | Reached XP level 2. HP: 18/19 MP: 2/2
   516 | D:2      | Noticed Natasha
   525 | D:2      | Slain by Natasha

Illustrated notes

Levels and vault maps discovered:
D:1:      lordsloth_arrival_two_stooges, layout_rooms
D:2:      layout_basic, uniq_natasha

Skill      XL: |  1 |
---------------+----+-----
Axes           | 2 |  2.2
Fighting       | |  3.5
Armour         | |  3.3
Shields        | |  3.4

Action                     || total
---------------------------++-------
  Melee: War axe           ||    46
    Use: Potion            ||     1
 Armour: Scale mail        ||    52
  Dodge: Dodged            ||    29
  Block: Buckler           ||    12

Table legend: (Time is in decaauts)
 A = Elapsed time spent in this place.
 B = Non-inter-level travel time spent in this place.
 C = Inter-level travel time spent in this place.
 D = Time resting spent in this place.
 E = Time spent auto-exploring this place.
 F = Levels seen in this place.
 G = Mean time per level.
                   A        B        C        D        E       F      G
               +--------+--------+--------+--------+--------+-----+--------+
         Total |    543 |    523 |     20 |      0 |    398 |   2 |  271.5 |
       Dungeon |    543 |    523 |     20 |      0 |    398 |   2 |  271.5 |
               +--------+--------+--------+--------+--------+-----+--------+

Top non-repeatable levels by time:
     D:1: 391 daAuts
     D:2: 151 daAuts
